 Dungeon Crawl Stone Soup version 0.29.1-1-gd02db6906a (webtiles) character file.

Game seed: 5989747528784819353

65 GigaChad the Trooper (level 3, -4/36 HPs)
             Began as a Minotaur Fighter on Oct 6, 2022.
             Slain by Sigmund
             ... wielding a +0 scythe
              (6 damage)
             ... on level 2 of the Dungeon.
             The game lasted 00:04:07 (1562 turns).

GigaChad the Trooper (Minotaur Fighter)             Turns: 1562, Time: 00:04:07

Health: -4/36      AC:  8    Str: 22    XL:     3   Next: 94%
Magic:  2/2        EV:  9    Int:  5    God:
Gold:   108        SH:  0    Dex:  9    Spells: 2/2 levels left

rFire   . . .      SeeInvis .   a - +0 long sword
rCold   . . .      Faith    .   c - +0 buckler
rNeg    . . .      Spirit   .   b - +0 scale mail
rPois   .          Reflect  .   (helmet restricted)
rElec   .          Harm     .   (no cloak)
rCorr   .          Rampage  .   i - +0 pair of gloves
Will    .....                   (no boots)
Stlth   ..........              (no amulet)
HPRegen 0.12/turn               (no ring)
MPRegen 0.08/turn               (no ring)

@: confused
A: horns 2, retaliatory headbutt
a: no special abilities


You were on level 2 of the Dungeon.
You visited 1 branch of the dungeon, and saw 2 of its levels.

You collected 108 gold pieces.

Inventory:

Hand Weapons
 a - a +0 long sword (weapon)
Missiles
 k - 3 silver javelins (quivered)
Armour
 b - a +0 scale mail (worn)
 c - a +0 buckler (worn)
 i - a +0 pair of gloves (worn)
Wands
 n - a wand of polymorph (5)
Scrolls
 f - 2 scrolls of brand weapon {unknown}
 h - a scroll of teleportation {unknown}
 j - 2 scrolls of identify {unknown}
 l - a scroll of fog {unknown}
 m - a scroll of fear {unknown}
Potions
 d - a potion of might
 e - a potion of haste {unknown}
 g - a potion of degeneration {unknown}


   Skills:
 + Level 5.5 Fighting
 - Level 2.5 Long Blades
 - Level 3.8 Armour
 - Level 3.8 Shields


You had 2 spell levels left.
You didn't know any spells.
Your spell library was empty.

Dungeon Overview and Level Annotations

Branches:
Dungeon (2/15)

Altars:

Annotations:
D:2 Sigmund


Innate Abilities, Weirdness & Mutations

You have a pair of horns on your head.
You reflexively headbutt those who attack you in melee.


Message History

The bat hits you but does no damage. The bat barely misses you.
You furiously retaliate!
You headbutt the bat!
You kill the bat!
Sigmund hits you with a +0 scythe.
You barely miss Sigmund.
Sigmund is severely wounded.
Sigmund casts a spell.
Sigmund flickers and vanishes!
Deactivating autopickup; reactivate with Ctrl-A.
You closely miss something. Your headbutt misses something. Something hits you.
You closely miss something. Something hits you.
You closely miss something. Something hits you but does no damage.
You barely miss something. Something hits you but does no damage.
You barely miss something. Something hits you but does no damage.
You closely miss something. You closely miss something.
You hear some strange, mumbled words.
Something tries to affect you, but you resist.
You hear some strange, mumbled words.
A magic dart appears from out of thin air!
The magic dart hits you.
You hit something. Something hits you.
You completely miss something. Something hits you.
You closely miss something. You block something's attack.
You closely miss something. Your headbutt misses something. You hit something.
You block something's attack.
You barely miss something. Your headbutt misses something.
You hear some strange, mumbled words.
You are confused.
Something hits you.
You bump into the rock wall.
Something hits you.
* * * LOW HITPOINT WARNING * * *
You closely miss something.
You hear some strange, mumbled words.
A magic dart appears from out of thin air!
The magic dart hits you!
* * * LOW HITPOINT WARNING * * *
Something hits you.
You die...

#. #...
........######.######...
........)...............
........#######.########
.................#
...............#
#.............#
#.............####
#...@{#####......#
#.....'..........####
#.....####..........#
#.....# #.########..
#.....# #.# #....#..
#.....# #.# #....#..
#.)...# #.###....##.
####### #.#.+....+..
#.#.#....#.#


There were no monsters in sight!

Vanquished Creatures
  Robin (D:2)
  An adder (D:2)
  A worm (D:2)
  3 dart slugs (D:1)
  2 endoplasms (D:2)
  A giant cockroach (D:1)
  5 goblins
  7 hobgoblins
  2 kobolds (D:1)
  4 ball pythons (D:1)
  6 bats
  A frilled lizard (D:1)
  2 rats
36 creatures vanquished.

Notes
Turn   | Place    | Note
-------+----------+-------------------------------------------
     0 | D:1      | GigaChad the Minotaur Fighter began the quest for the Orb.
     0 | D:1      | Reached XP level 1. HP: 19/19 MP: 0/0
   209 | D:1      | Reached XP level 2. HP: 6/27 MP: 1/1
   211 | D:1      | Reached skill level 4 in Fighting
  1073 | D:2      | Found a faded altar of an unknown god.
  1082 | D:2      | Reached XP level 3. HP: 34/34 MP: 2/2
  1323 | D:2      | Noticed Robin
  1330 | D:2      | Reached skill level 5 in Fighting
  1334 | D:2      | Killed Robin
  1530 | D:2      | Noticed Sigmund
  1561 | D:2      | HP: 1/36 [something/magic dart (9)]
  1562 | D:2      | Slain by Sigmund

Illustrated notes

Levels and vault maps discovered:
D:1:      heliophobic_arrival_ceremonial_halls, layout_loops_corners
D:2:      layout_basic, chequers_ecumenical_altar_simple_redux,
          due_unseen_surprise, uniq_robin, uniq_sigmund

Skill      XL: |  1  2  3 |
---------------+----------+-----
Fighting       | 4 5 |  5.5
Long Blades    | |  2.5
Armour         | |  3.8
Shields        | |  3.8

Action                   || total
-------------------------++-------
Melee: Long sword        ||   102
       Headbutt          ||    14
       Unarmed           ||    11
Armor: Scale mail        ||    52
       Skin              ||     3
Dodge: Dodged            ||    60
Block: Buckler           ||    27
